 Dungeon Crawl Stone Soup version 0.30-a0-457-g4b7bca3bfa (webtiles) character file.

Game seed: 15912373024286171273

745 kiwi3s the Cleaver (level 7, -2/85 HPs)
             Began as a Minotaur Berserker on Dec 12, 2022.
             Was a Believer of Trog.
             Slain by a black bear (9 damage)
             ... on level 5 of the Dungeon.
             The game lasted 00:04:05 (4735 turns).

kiwi3s the Cleaver (Minotaur Berserker)             Turns: 4735, Time: 00:04:05

Health: -2/85      AC:  2    Str: 23    XL:     7   Next: 47%
Magic:  6/6        EV: 12    Int:  4    God:    Trog [**....]
Gold:   203        SH:  0    Dex: 10    Spells: 6/6 levels left

rFire   . . .      SeeInvis .    a - +0 hand axe
rCold   . . .      Faith    .    (no shield)
rNeg    . . .      Spirit   .    b - +0 animal skin
rPois   .          Reflect  .    (helmet restricted)
rElec   .          Harm     .    (no cloak)
rCorr   .          Rampage  .    (no gloves)
Will    .....                    (no boots)
Stlth   ..........               (no amulet)
HPRegen 0.34/turn                (no ring)
MPRegen 0.10/turn                (no ring)

@: berserking, very quick
A: horns 2, retaliatory headbutt
a: Renounce Religion, Berserk, Trog's Hand


You were on level 5 of the Dungeon.
You worshipped Trog.
Trog was pleased with you.
You visited 1 branch of the dungeon, and saw 5 of its levels.

You collected 203 gold pieces.

Inventory:

Hand Weapons
 a - a +0 hand axe (weapon)
Missiles
 r - 5 boomerangs (quivered)
Armour
 b - a +0 animal skin (worn)
Jewellery
 f - a ring of magical power
 h - a ring of magical power
Scrolls
 d - 5 scrolls of identify {unknown}
 j - a scroll of teleportation {unknown}
 m - 3 scrolls of vulnerability {unknown}
 n - a scroll of fog {unknown}
 p - a scroll of immolation {unknown}
 q - a scroll of poison {unknown}
 s - a scroll of torment {unknown}
 t - 2 scrolls of enchant armour {unknown}
 u - a scroll of brand weapon {unknown}
 v - a scroll of enchant weapon {unknown}
Potions
 c - a potion of heal wounds {unknown}
 e - a potion of haste {unknown}
 g - 2 potions of flight {unknown}
 i - 3 potions of brilliance {unknown}
 k - a potion of mutation {unknown}
 l - 2 potions of curing {unknown}
 o - 3 potions of attraction {unknown}


   Skills:
 - Level 3.6 Fighting
 + Level 10.6 Axes
 - Level 2.4 Armour
 - Level 2.1 Dodging


You had 6 spell levels left.
You didn't know any spells.
Your spell library was empty.

Dungeon Overview and Level Annotations

Branches:
Dungeon (5/15)
 Temple: D:4-7

Altars:


Innate Abilities, Weirdness & Mutations

You have a pair of horns on your head.
You reflexively headbutt those who attack you in melee.


Message History

Unknown command.
A red film seems to cover your vision as you go berserk!
You feel yourself moving faster!
You feel mighty! The adder barely misses you. You furiously retaliate!
You headbutt the adder!
You kill the adder!
Trog accepts your kill. The ufetubus closely misses you. The ufetubus hits you.
* * * LOW HITPOINT WARNING * * *
You are too injured to fight recklessly!
You barely miss the ogre. You headbutt the ogre!
The ogre is severely wounded.
You barely miss the ufetubus. You slash the black bear!
The ufetubus misses you. The ufetubus closely misses you.
The ogre barely misses you. You furiously retaliate!
You headbutt the ogre. The black bear bites you.
* * * LOW HITPOINT WARNING * * *
The black bear closely misses you. The black bear claws you.
* * * LOW HITPOINT WARNING * * *
You slash the black bear!
The black bear is severely wounded.
You hit the ufetubus. You barely miss the ogre. The ufetubus hits you.
* * * LOW HITPOINT WARNING * * *
The ufetubus hits you.
* * * LOW HITPOINT WARNING * * *
You are too injured to fight recklessly!
Unknown command.
You hit the black bear.
The black bear is almost dead.
You hit the ogre. You miss the ufetubus.
The black bear goes berserk!
You hit the black bear.
The black bear is almost dead.
You hit the ufetubus.
You feel the power of Trog in you as your rage grows.
You kill the ufetubus!
Trog accepts your kill.
You slash the ogre!
You kill the ogre!
Trog accepts your kill. The black bear bites you!
You die...

..# +###. ...##
..... ...$.
?..)..###......
.....s#.#...#.#
.#..###!###...#
#...#⌠).(⌠#o..#
###.h@.[###
#....<....#
###.....###
..#⌠...⌠#..
..#.###.###....
#...#.#......
##..###...###
... ..## ... ..


You could see a black bear (berserk), a scorpion and an orc.

Vanquished Creatures
  Grinder (D:3)
  Sigmund (D:2)
  A sky beast (D:4)
  2 ogres
  Robin (D:3)
  7 adders
  An ufetubus (D:5)
  5 worms
  4 dart slugs
  10 orcs (D:3)
  3 ball pythons
  3 bats
  8 endoplasms
  A giant cockroach (D:4)
  11 goblins
  14 hobgoblins
  7 jackals
  2 quokkas
  5 frilled lizards
  8 kobolds
  6 rats
101 creatures vanquished.

Vanquished Creatures (others)
  38 plants (D:3)
38 creatures vanquished.

Grand Total: 139 creatures vanquished

Notes
Turn   | Place    | Note
-------+----------+-------------------------------------------
     0 | D:1      | kiwi3s the Minotaur Berserker began the quest for the Orb.
     0 | D:1      | Reached XP level 1. HP: 19/19 MP: 0/0
    97 | D:1      | Reached skill level 4 in Axes
   361 | D:1      | Reached XP level 2. HP: 26/26 MP: 1/1
   817 | D:1      | You fall into a shaft and drop 1 floor!
  1042 | D:2      | Reached skill level 5 in Axes
  1247 | D:2      | Reached XP level 3. HP: 29/31 MP: 2/2
  1439 | D:2      | Noticed Sigmund
  1447 | D:2      | Killed Sigmund
  1448 | D:2      | Reached skill level 7 in Axes
  1448 | D:2      | Reached XP level 4. HP: 13/39 MP: 3/3
  1448 | D:2      | Reached XP level 5. HP: 15/45 MP: 4/4
  2275 | D:3      | Reached ** piety under Trog
  2282 | D:3      | Reached skill level 8 in Axes
  2730 | D:3      | Reached XP level 6. HP: 50/51 MP: 5/5
  2739 | D:3      | Identified the +1 helmet of the Forest {Dex+2}
  2739 | D:3      | Noticed Robin
  2750 | D:3      | Killed Robin
  2991 | D:3      | Noticed Grinder
  2997 | D:3      | Paralysed by Grinder for 3 turns
  3012 | D:3      | Paralysed by Grinder for 4 turns
  3017 | D:3      | Killed Grinder
  3018 | D:3      | Reached skill level 9 in Axes
  3424 | D:4      | Reached XP level 7. HP: 56/57 MP: 6/6
  3846 | D:4      | Reached skill level 10 in Axes
  4727 | D:5      | Entered Level 5 of the Dungeon
  4735 | D:5      | Slain by a black bear

Illustrated notes

Levels and vault maps discovered:
D:1:      wander_arrival_abandoned_jail, layout_basic
D:2:      layout_loops_cross, kennysheep_generic_room_14, uniq_sigmund
D:3:      layout_loops_corners, serial_bayou, serial_bayou_pond_a,
          serial_bayou_ford_a, serial_bayou_pond_a, serial_bayou_lagoon_b,
          serial_bayou_pond_c, serial_bayou_crossing, uniq_robin, uniq_grinder
D:4:      layout_basic
D:5:      layout_basic, nicolae_fountain_basement

Skill      XL: |  1  2  3  4  5  6  7 |
---------------+----------------------+-----
Axes           | 4 5 7 8 9 10 | 10.6
Fighting       | |  3.6
Armour         | |  2.4
Dodging        | |  2.1

Action                   |  1- 3 |  4- 6 |  7- 9 || total
-------------------------+-------+-------+-------++-------
Melee: Hand axe          |    64 |   121 |    70 ||   255
       Headbutt          |     9 |    19 |    13 ||    41
       Punch             |       |     1 |     1 ||     2
Invok: Berserk           |     1 |     2 |     2 ||     5
Armor: Animal skin       |     8 |     8 |     5 ||    21
Dodge: Dodged            |    39 |    57 |    37 ||   133

Table legend: (Time is in decaauts)
 A = Elapsed time spent in this place.
 B = Non-inter-level travel time spent in this place.
 C = Inter-level travel time spent in this place.
 D = Time resting spent in this place.
 E = Time spent auto-exploring this place.
 F = Levels seen in this place.
 G = Mean time per level.
                   A        B        C        D        E       F      G
               +--------+--------+--------+--------+--------+-----+--------+
         Total |   4808 |   4510 |    298 |    611 |   3278 |   5 |  961.6 |
       Dungeon |   4808 |   4510 |    298 |    611 |   3278 |   5 |  961.6 |
               +--------+--------+--------+--------+--------+-----+--------+

Top non-repeatable levels by time:
     D:3: 1719 daAuts
     D:1: 1073 daAuts
     D:4: 1005 daAuts
     D:2: 1004 daAuts
     D:5: 6 daAuts
